 Dungeon Crawl Stone Soup version 0.29.1-13-g9f3cf754e1 (webtiles) character file.

Game seed: 14561511407373050470

171 theswoord the Chopper (level 5, -2/41 HPs)
             Began as a Demonspawn Monk on Jan 24, 2023.
             Slain by an orc
             ... wielding a +0 falchion
              (6 damage)
             ... on level 3 of the Dungeon.
             The game lasted 00:04:29 (3569 turns).

theswoord the Chopper (Demonspawn Monk)             Turns: 3569, Time: 00:04:29

Health: -2/41      AC: 12    Str: 14    XL:     5   Next: 26%
Magic:  5/5        EV:  6    Int: 11    God:
Gold:   84         SH:  4    Dex: 17    Spells: 4/4 levels left

rFire   . . .      SeeInvis .   a - +0 hand axe
rCold   . . .      Faith    .   h - +0 buckler
rNeg    . . .      Spirit   .   j - +0 chain mail
rPois   .          Reflect  .   (no helmet)
rElec   .          Harm     .   (no cloak)
rCorr   .          Rampage  .   (no gloves)
Will    .....                   (no boots)
Stlth   ..........              (no amulet)
HPRegen 0.13/turn               f - +4 ring of protection
MPRegen 0.09/turn               (no ring)

@: no status effects
A: thin skeletal structure 1, powered by pain 1
a: no special abilities


You were on level 3 of the Dungeon.
You visited 1 branch of the dungeon, and saw 3 of its levels.

You collected 106 gold pieces.
You spent 22 gold pieces at shops.

Inventory:

Hand Weapons
 a - a +0 hand axe (weapon)
Armour
 b - a +0 robe
 h - a +0 buckler (worn)
 j - a +0 chain mail (worn)
Jewellery
 f - a +4 ring of protection (left hand)
 i - a ring of flight
Wands
 d - a wand of acid (9)
Scrolls
 g - a scroll of fear
 p - a scroll of identify
Potions
 c - a potion of lignification
 e - a potion of invisibility
 l - a potion of flight
 m - a potion of mutation
 n - 2 potions of curing {unknown}
 o - a potion of magic {unknown}


   Skills:
 - Level 3.0 Fighting
 + Level 5.5 Axes
 - Level 2.6 Dodging
 - Level 1.7 Stealth


You had 4 spell levels left.
You didn't know any spells.
Your spell library was empty.

Dungeon Overview and Level Annotations

Branches:
Dungeon (3/15)

Altars:
Ru

Shops:
D:1 :   D:3 ?


Innate Abilities, Weirdness & Mutations

You have a somewhat thin skeletal structure. (Dex +2, Stealth+)
You sometimes gain a little power by taking damage.


Message History

You hit the orc.
The orc priest hits you but does no damage.
The orc hits you but does no damage.
You hit the orc priest.
The orc priest is severely wounded.
You barely miss the orc. You hit the endoplasm but do no damage.
The orc priest hits you but does no damage.
The endoplasm freezes you.
You are frozen.
* * * LOW HITPOINT WARNING * * *
The orc barely misses you.
You hit the orc priest but do no damage.
The orc priest is severely wounded.
You hit the orc but do no damage. You hit the endoplasm.
The orc priest hits you but does no damage.
The endoplasm hits you but does no damage.
The orc hits you with a +0 falchion.
* * * LOW HITPOINT WARNING * * *
You hit the orc priest.
The orc priest is severely wounded.
You closely miss the orc. You hit the endoplasm but do no damage.
The endoplasm hits you but does no damage.
The orc priest hits you with a +0 flail.
* * * LOW HITPOINT WARNING * * *
The orc barely misses you.
You hit the orc priest.
The orc priest is almost dead.
You hit the orc. You hit the endoplasm. The endoplasm freezes you.
You are frozen.
* * * LOW HITPOINT WARNING * * *
The orc priest hits you with a +0 flail.
* * * LOW HITPOINT WARNING * * *
The orc hits you but does no damage.
You hit the orc priest.
You kill the orc priest!
You hit the endoplasm.
You kill the endoplasm!
You barely miss the orc. The orc hits you with a +0 falchion.
You die...

.......... ........#
.......# ....[.#
..... ####...##
+....)o.# #)@>#
##.###.### #)).....#
#.#####.# #.# #.# #.#
#)# #.#
##.#########.#####.#
##...##.............#


You could see an orc.

Vanquished Creatures
  An orc priest (D:3)
  Natasha (twice) (D:2)
  An orc wizard (D:3)
  A worm (D:2)
  4 dart slugs
  9 orcs (D:3)
  6 ball pythons
  8 endoplasms
  2 giant cockroaches (D:1)
  4 goblins
  8 hobgoblins
  8 jackals
  4 quokkas
  6 bats
  3 frilled lizards
  5 kobolds
  3 rats
75 creatures vanquished.

Vanquished Creatures (others)
  4 plants (D:3)
4 creatures vanquished.

Grand Total: 79 creatures vanquished

Notes
Turn   | Place    | Note
-------+----------+-------------------------------------------
     0 | D:1      | theswoord the Demonspawn Monk began the quest for the Orb.
     0 | D:1      | Reached XP level 1. HP: 18/18 MP: 1/1
   145 | D:1      | Reached skill level 3 in Axes
   373 | D:1      | Found Wiapseox's Vocational Training.
   380 | D:1      | Gained mutation: You sometimes gain a little power by
                  | taking damage. [demonic ancestry]
   380 | D:1      | Reached XP level 2. HP: 24/24 MP: 2/2
   881 | D:1      | Found a faded altar of an unknown god.
  1008 | D:1      | Gained mutation: You have a somewhat thin skeletal
                  | structure. (Dex +2, Stealth+) [demonic ancestry]
  1008 | D:1      | Reached XP level 3. HP: 24/29 MP: 3/3
  1176 | D:1      | Reached skill level 4 in Axes
  2189 | D:2      | Noticed Natasha
  2216 | D:2      | Killed Natasha
  2217 | D:2      | Reached XP level 4. HP: 19/35 MP: 4/4
  2769 | D:2      | Noticed Natasha
  2777 | D:2      | Killed Natasha
  2778 | D:2      | Reached skill level 5 in Axes
  3261 | D:3      | Found Qashruo's Magic Scroll Boutique.
  3267 | D:3      | Bought a scroll of identify for 22 gold pieces
  3273 | D:3      | Found a sacrificial altar of Ru.
  3449 | D:3      | Reached XP level 5. HP: 29/41 MP: 5/5
  3561 | D:3      | HP: 1/41 [orc priest/nerve-wracking pain (5)]
  3569 | D:3      | Slain by an orc

Skill      XL: |  1  2  3  4 |
---------------+-------------+-----
Axes           | 3 4 5 |  5.5
Fighting       | |  3.0
Dodging        | |  2.6
Stealth        | |  1.7

Action                   |  1- 3 |  4- 6 || total
-------------------------+-------+-------++-------
Melee: Hand axe          |   151 |   107 ||   258
       Punch             |     4 |       ||     4
  Use: Potion            |     2 |     1 ||     3
       Scroll            |       |     7 ||     7
 Stab: Sleeping          |     4 |       ||     4
Armor: Robe              |    24 |       ||    24
       Chain mail        |    22 |    71 ||    93
Dodge: Dodged            |   114 |    33 ||   147
Block: Buckler           |     9 |    17 ||    26

Levels and vault maps discovered:
D:1:      sevenhm_arrival_forest_fort_small_5, layout_basic,
          shapermc_ecumenical_altar_venn, nicolae_shop_vocational
D:2:      layout_rooms, minmay_pentomino_r2, uniq_natasha
D:3:      layout_loops_corners, mainiacjoe_overflow_boulevard, serial_shops,
          nicolae_shop_temple_entry_statues_fountains, nicolae_diamond_shop,
          serial_bayou_lagoon_a
